 Dungeon Crawl Stone Soup version 0.17-a0-755-g4391640 (webtiles) character file.

281 oplop the Gusty (level 6, -3/32 HPs)
             Began as a Tengu Air Elementalist on Apr 23, 2015.
             Killed from afar by Sigmund (4 damage)
             ... with a magic dart
             ... on level 4 of the Dungeon.
             The game lasted 00:07:59 (3519 turns).

oplop the Gusty (Tengu Air Elementalist)            Turns: 3519, Time: 00:07:59

Health: -3/32      AC:  2    Str:  8    XL:     6   Next: 27%
Magic:  0/12       EV: 12    Int: 19    God:
Gold:   194        SH:  0    Dex: 15    Spells: 4 memorised, 4 levels left

rFire  . . .     SeeInvis .     v - +1 whip
rCold  . . .     Clarity  .     a - +0 robe
rNeg   . . .     SustAb   .     (no shield)
rPois  .         Gourm    .     (helmet restricted)
rElec  .         Spirit   .     (no cloak)
rCorr  .         Warding  .     (no gloves)
rMut   .         Stasis   .     (boots unavailable)
MR     .....                    (no amulet)
Stlth  ++........               (no ring)
                                (no ring)

@: repel missiles, not resistant to hostile enchantments, unstealthy
A: beak, talons 3, clever 1, able to fly 1
a: Fly


You were on level 4 of the Dungeon.
You were hungry.

You visited 1 branch of the dungeon, and saw 4 of its levels.

You collected 194 gold pieces.

Inventory:

Hand weapons
 e - a +0 dagger
 v - a +1 whip (weapon)
Armour
 a - a +0 robe (worn)
 j - a +0 shield
 u - a +0 ring mail
Magical devices
 d - a wand of random effects (16)
Scrolls
 i - a scroll of remove curse
 l - 3 scrolls of teleportation
 m - a scroll of identify
Potions
 f - a potion of flight {unknown}
 g - a potion of agility {unknown}
 o - a potion of curing {unknown}
 r - a potion of mutation {unknown}
 t - a potion of cancellation {unknown}
Books
 b - a book of Air

   Spells                             Type                      Level
   a - Shock                          Conjuration/Air              1
   b - Swiftness                      Charms/Air                   2
   c - Repel Missiles                 Charms/Air                   2
   d - Flight                         Charms/Air                   3
   e - Static Discharge               Conjuration/Air              3
   f - Lightning Bolt                 Conjuration/Air              5
Comestibles
 c - 2 bread rations
 h - 2 meat rations


   Skills:
 - Level 2.1 Dodging
 - Level 2.0 Stealth
 + Level 3.8 Spellcasting
 + Level 4.6 Conjurations
 + Level 6.0 Air Magic


You had 4 spell levels left.
You knew the following spells:

 Your Spells              Type           Power        Failure   Level  Hunger
a - Shock                 Conj/Air       ###.         1%          1    None
b - Repel Missiles        Chrm/Air       ###...       10%         2    ##.....
c - Static Discharge      Conj/Air       ###.....     6%          3    ###....
s - Swiftness             Chrm/Air       ###.....     10%         2    ##.....


Dungeon Overview and Level Annotations

Branches:
Dungeon (4/15)
 Temple: D:4-7

Altars:

Annotations:
D:3 asdu's ghost, weakling DgSk
D:4 Sigmund


Innate Abilities, Weirdness & Mutations

You have a beak for a mouth.
You have claws for feet.
You can fly.
Your mind is acute. (Int +2)


Message History

The giant frog hits you.
* * * LOW HITPOINT WARNING * * *
The giant frog hits you.
* * * LOW HITPOINT WARNING * * *
Unknown command.
Casting: Static Discharge
Confirm with . or Enter, or press ? or * to list all spells.
The giant frog is struck by lightning.
You kill the giant frog!
Your Air Magic skill increases to level 6!
You have reached level 6!
Your experience leads to an increase in your attributes!
Your base attributes are Str 8, Int 16, Dex 15.
Increase (S)trength, (I)ntelligence, or (D)exterity?
You feel clever.
The lightning grounds out.
Sigmund shouts!
Sigmund points at you and mumbles some strange words.
The magic dart hits you!
You die...

#.. #... $#..... ##........
....>.# .#.?#.[.... ......
...........# .....
...........# #....#
.......... #....####
........########†#.......
#............>..@##......#
#...)..#@....../.#.........
.....#...........#..........
#.#@##.....................#
....Z<..)........#.........#
#.##b.##.........#.........#
#.>..## .........###)....###
...... .................#
.......# ...........######


You could see Sigmund.

Vanquished Creatures
  A giant frog (D:4)
  An orc priest (D:3)
  6 adders
  4 gnolls (D:2)
  3 worms (D:2)
  9 orcs
  2 ball pythons
  3 giant cockroaches (D:1)
  13 goblins
  9 hobgoblins
  3 jackals (D:3)
  10 kobolds
  4 bats
  A giant gecko (D:1)
  6 giant newts
  3 rats
78 creatures vanquished.

Notes
Turn   | Place    | Note
--------------------------------------------------------------
     0 | D:1      | oplop, the Tengu Air Elementalist, began the quest for the Orb.
     0 | D:1      | Reached XP level 1. HP: 10/10 MP: 4/4
    63 | D:1      | Reached XP level 2. HP: 13/15 MP: 3/6
  1066 | D:1      | Reached XP level 3. HP: 19/19 MP: 0/7
  1406 | D:2      | Reached XP level 4. HP: 7/24 MP: 0/9
  1610 | D:2      | Learned a level 2 spell: Repel Missiles
  1613 | D:2      | Learned a level 2 spell: Swiftness
  1617 | D:2      | Learned a level 3 spell: Static Discharge
  1637 | D:2      | Reached skill level 5 in Air Magic
  1661 | D:2      | HP: 1/24 [poisoned by an adder]
  2217 | D:2      | Gained mutation: You can fly. [Tengu growth]
  2217 | D:2      | Reached XP level 5. HP: 21/28 MP: 10/10
  2434 | D:2      | Gained mutation: Your mind is acute. (Int +2) [potion of beneficial mutation]
  2571 | D:3      | Noticed asdu's ghost (weakling DgSk)
  3325 | D:4      | Noticed Sigmund
  3518 | D:4      | HP: 1/28 [giant frog (4)]
  3519 | D:4      | Reached skill level 6 in Air Magic
  3519 | D:4      | Reached XP level 6. HP: 1/32 MP: 0/12
  3519 | D:4      | Killed from afar by Sigmund

Action                   |  1- 3 |  4- 6 || total
-------------------------+-------+-------++-------
Melee: Unarmed           |     5 |       ||     5
       Dagger            |    18 |    25 ||    43
       Whip              |       |    71 ||    71
 Cast: Shock             |    51 |    60 ||   111
       Static Discharge  |       |    13 ||    13
       Repel Missiles    |       |     2 ||     2
  Use: Scroll            |       |     9 ||     9
       Potion            |       |     1 ||     1
 Stab: Sleeping          |     1 |     1 ||     2
       Distracted        |       |     1 ||     1
  Eat: Chunk             |     1 |     5 ||     6
       Fruit             |       |     2 ||     2
       Beef jerky        |       |     1 ||     1
